 Dungeon Crawl Stone Soup version 0.29-a0-830-gcb1280458a (webtiles) character file.

Game seed: 1495612383521083721

3229 buhh the Insei (level 9, -2/96 HPs)
             Began as an Octopode Transmuter on July 12, 2022.
             Was an Initiate of Cheibriados.
             Slain by a troll (11 damage)
             ... on level 8 of the Dungeon.
             The game lasted 00:11:59 (9983 turns).

buhh the Insei (Octopode Transmuter)                Turns: 9983, Time: 00:12:00

Health: -2/96      AC: 24    Str:  8 (10) XL:     9   Next: 98%
Magic:  10/12      EV:  2    Int: 21 (23) God:    Cheibriados [......]
Gold:   358        SH:  0    Dex: 12 (13) Spells: 2/12 levels left

rFire   . . .      SeeInvis .     - Unarmed
rCold   + . .      Faith    .   (no shield)
rNeg    . . .      Spirit   .   (helmet currently unavailable)
rPois   +          Reflect  .   (no amulet)
rElec   .          Harm     .   i - ring of wizardry
rCorr   .          Rampage  .   u - ring of Kine Uma {Wiz rC+ Int+2}
Will    .....      NoTele   +   (no ring)
Stlth   ++........              (no ring)
HPRegen 0.26/turn               (no ring)
MPRegen 0.13/turn               (no ring)
                                (no ring)
                                (no ring)

@: tree-form, slow
A: stationary, stasis, torment immunity, boosted hp, almost no armour,
(amphibious), 8 rings, (camouflage 1), (gelatinous body 1), (nimble swimmer 1),
(tentacles)
a: Renounce Religion


You were on level 8 of the Dungeon.
You worshipped Cheibriados.
Cheibriados was noncommittal.
You were a tree.
You visited 2 branches of the dungeon, and saw 9 of its levels.

You collected 524 gold pieces.
You spent 166 gold pieces at shops.

Inventory:

Missiles
 l - 8 poisoned darts
Magical Staves
 k - a staff of air
 y - a staff of air
 E - a staff of earth
Jewellery
 i - a ring of wizardry (left branch)
 u - the ring of Kine Uma (right branch) {Wiz rC+ Int+2}
   (You bought it in a shop on level 4 of the Dungeon)

   [ring of wizardry]

   It improves your spell success rate.
   Int:       It affects your intelligence (+2).
   rC:        It protects you from cold.
 w - a ring of willpower
Scrolls
 a - 2 scrolls of identify {!d}
 b - a scroll of amnesia {unknown}
 c - 8 scrolls of teleportation {!d!d}
 d - 3 scrolls of magic mapping {!d}
 f - a scroll of noise
 g - 2 scrolls of fear {unknown}
 h - 2 scrolls of enchant armour
 m - a scroll of poison {unknown}
 q - 3 scrolls of fog {unknown}
 x - 3 scrolls of blinking {unknown}
 C - 2 scrolls of vulnerability {unknown}
Potions
 e - a potion of resistance {unknown}
 j - a potion of berserk rage {unknown}
 n - a potion of lignification {!d}
 o - a potion of cancellation {unknown}
 r - 2 potions of degeneration
 s - 2 potions of curing {unknown}
 t - 3 potions of attraction {unknown}
 v - a potion of magic {unknown}
 z - a potion of flight {unknown}
 A - 2 potions of haste {unknown}
 B - a potion of might {unknown}
 D - a potion of brilliance {unknown}


   Skills:
 - Level 7.0 Fighting
 - Level 7.0 Dodging
 - Level 2.0 Stealth
 - Level 7.0 Unarmed Combat
 - Level 2.0 Spellcasting
 - Level 2.0 Transmutations
 * Level 7.0 Ice Magic
 - Level 1.0 Poison Magic


You had 2 spell levels left.
You knew the following spells:

 Your Spells              Type           Power      Damage    Failure   Level
a - Beastly Appendage     Tmut           20%        N/A       1%          1
b - Wereblood             Tmut           10%        N/A       2%          2
c - Spider Form           Tmut/Pois      8%         N/A       7%          3
d - Ice Form              Ice/Tmut       21%        N/A       6%          4

Your spell library contained the following spells:

 Spells                   Type           Power      Damage    Failure   Level
 Foxfire                  Conj/Fire      8%         2x1d4     4%          1
 Blink                    Tloc           4%         N/A       6%          2
 Conjure Flame            Conj/Fire      2%         6-21      12%         3
 Dazzling Flash           Conj/Hex       4%         N/A       12%         3
 Gell's Gravitas          Tloc           2%         N/A       12%         3
 Inner Flame              Hex/Fire       2%         N/A       12%         3
 Lesser Beckoning         Tloc           2%         N/A       12%         3
 Portal Projectile        Hex/Tloc       4%         N/A       12%         3
 Teleport Other           Tloc           2%         N/A       12%         3
 Tukima's Dance           Hex            2%         N/A       12%         3
 Flame Wave               Conj/Fire      2%         2d4       34%         4
 Blade Hands              Tmut           5%         N/A       41%         5
 Agony                    Necr           2%         N/A       67%         5
 Manifold Assault         Tloc           2%         N/A       67%         5
 Silence                  Hex/Air        1%         N/A       67%         5
 Dispersal                Tloc           1%         N/A       99%         6


Dungeon Overview and Level Annotations

Branches:
Dungeon (8/15) Zot: 40466  Temple (1/1) D:7 Zot: 8789
   Lair: D:8-11

Altars:
Ashenzari
Cheibriados
Elyvilon
Hepliaklqana
Kikubaaqudgha
Makhleb
Nemelex Xobeh
Qazlal
Ru
Sif Muna
Trog
Uskayaw
Xom
Yredelemnul
Zin
The Shining One

Shops:
D:1 !?((   D:4 *

Annotations:
D:1 exclusion: downstairs
D:2 1 runed translucent door, Crazy Yiuf
D:4 2 transporters, buhh's ghost, amateur OpTm
D:5 3 runed translucent doors, exclusion: jelly, masada555's ghost, amateur MiFi
D:6 exclusion: 2 doors
D:7 2 transporters


Innate Abilities, Weirdness & Mutations

You are a tree.
Your roots penetrate the ground, keeping you stationary.
You cannot be teleported.
You are immune to unholy pain and torment.
Your maximum health is greatly increased.
You cannot wear most types of armour.
((You are amphibious.))
You can wear up to eight rings at the same time.
((Your skin changes colour to match your surroundings (Stealth+).))
((Your rubbery body absorbs attacks. (AC +1, EV +1)))
((You are camouflaged when in or above water. (Stealth+)))
((You have tentacles for arms and can constrict up to eight enemies at once.))


Message History

The troll bites you! The troll claws you! The troll claws you.
You hit the troll. You freeze the troll.
The troll is lightly wounded.
You barely miss the troll.
The troll is lightly wounded.
The troll bites you but does no damage. The troll claws you but does no damage.
The troll closely misses you.
You hit the troll. You freeze the troll.
The troll is lightly wounded.
The troll bites you but does no damage. The troll claws you. x2
You barely miss the troll.
The troll is lightly wounded.
The troll bites you! The troll closely misses you. The troll claws you!
* * * LOW HITPOINT WARNING * * *
You hit the troll but do no damage.
The troll is lightly wounded.
The troll closely misses you. The troll claws you.
* * * LOW HITPOINT WARNING * * *
The troll claws you!
* * * LOW HITPOINT WARNING * * *
Really quaff the potion of lignification?
You warm up again.
You turn into a tree.
Your roots penetrate the ground.
The troll bites you but does no damage.
The troll claws you but does no damage. x2
You smack the troll!
The troll is moderately wounded.
The troll bites you but does no damage.
The troll claws you but does no damage. x2
You smack the troll!
The troll is heavily wounded.
The troll bites you but does no damage. The troll claws you but does no damage.
The troll barely misses you.
You hit the troll.
The troll is severely wounded.
You smack the troll!
The troll is almost dead.
The troll bites you but does no damage.
The troll claws you but does no damage. x2
You hit the troll but do no damage.
The troll is almost dead.
The troll bites you!
You die...

#####.###
#<......>
#.###.##.
#.###.#
#.....#
#.....#
#....##
#...## #..♣#
+......T....#
##.........##
#.##..###.#
#. ##.# # #
#.# ..# ###


You could see a troll.

Vanquished Creatures
  Sigmund (D:2)
  6 yaks (D:6)
  An orc warrior (D:7)
  3 sky beasts
  An ice beast (D:7)
  A black bear (D:7)
  An ogre (D:4)
  2 centaurs (D:6)
  2 phantoms
  2 bullfrogs (D:6)
  4 scorpions
  A necrophage (D:5)
  A jelly (D:6)
  4 hounds
  A gnoll bouda (D:6)
  5 orc priests
  3 iguanas
  5 orc wizards
  9 gnolls
  8 adders
  A shadow imp (D:7)
  3 white imps
  An ufetubus (D:6)
  A dart slug (D:1)
  24 orcs
  2 bats (D:2)
  11 endoplasms
  6 giant cockroaches
  6 goblins
  6 hobgoblins
  3 jackals (D:4)
  7 kobolds
  3 quokkas
  8 ball pythons
  A frilled lizard (D:3)
  7 rats
151 creatures vanquished.

Notes
Turn   | Place    | Note
-------+----------+-------------------------------------------
     0 | D:1      | buhh the Octopode Transmuter began the quest for the Orb.
     0 | D:1      | Reached XP level 1. HP: 13/13 MP: 3/3
    62 | D:1      | Found a faded altar of an unknown god.
   326 | D:1      | Reached skill level 1 in Stealth
   474 | D:1      | Found Ohaen's Antique Weapon Shop.
   475 | D:1      | Found Yquatece's Weapon Boutique.
   486 | D:1      | Reached XP level 2. HP: 6/18 MP: 1/5
   717 | D:1      | Reached skill level 1 in Poison Magic
   890 | D:1      | Found Ruwes's Magic Scroll Shop.
   897 | D:1      | Bought a scroll of identify for 24 gold pieces
   920 | D:1      | Bought a scroll of noise for 12 gold pieces
   995 | D:1      | Found Amump's Distillery.
  1514 | D:2      | Reached XP level 3. HP: 23/23 MP: 4/6
  1718 | D:1      | Learned a level 2 spell: Wereblood
  1722 | D:1      | Learned a level 3 spell: Spider Form
  1741 | D:2      | Noticed Sigmund
  2014 | D:2      | Found a runed translucent door.
  2021 | D:2      | Identified the +3 hammer of Grim Resourcefulness {spect,
                  | +Blink rC- Int+8 SInv}
  2040 | D:2      | Noticed Crazy Yiuf
  2274 | D:3      | Reached XP level 4. HP: 17/29 MP: 7/7
  2536 | D:3      | Identified the +1 pair of gloves "Puwot" {-Tele Harm rPois
                  | rCorr}
  3774 | D:2      | Killed Sigmund
  3775 | D:2      | Reached XP level 5. HP: 36/36 MP: 8/8
  3775 | D:2      | Reached XP level 6. HP: 42/42 MP: 9/9
  4237 | D:4      | Reached XP level 7. HP: 47/47 MP: 7/10
  4275 | D:4      | Found a transporter.
  4382 | D:4      | Reached skill level 5 in Unarmed Combat
  4699 | D:4      | Noticed buhh's ghost (amateur OpTm)
  4721 | D:4      | Found a transporter.
  4768 | D:4      | Found Hucuop's Assorted Antiques.
  4776 | D:4      | Bought a smoking amber ring for 130 gold pieces
  4776 | D:4      | Identified the ring of Kine Uma {Wiz rC+ Int+2} (You bought
                  | it in a shop on level 4 of the Dungeon)
  4782 | D:4      | Learned a level 4 spell: Ice Form
  5313 | D:5      | Entered Level 5 of the Dungeon
  5751 | D:5      | Reached skill level 5 in Dodging
  5974 | D:5      | Reached XP level 8. HP: 52/54 MP: 11/11
  6015 | D:5      | Found a runed translucent gate.
  6016 | D:5      | Found a runed translucent gate.
  6018 | D:5      | Found a runed translucent gate.
  6018 | D:5      | Noticed masada555's ghost (amateur MiFi)
  6061 | D:5      | Reached skill level 5 in Fighting
  6061 | D:5      | Reached skill level 1 in Ice Magic
  6213 | D:5      | Identified the +5 hand axe "Contis" {speed, Str+3 Int-4
                  | Dex+4}
  6213 | D:5      | Identified the +1 scale mail of Ashenzari's Supremacy
                  | {Drain rN+ Dex+3 Slay+3}
  6457 | D:6      | Found an ancient bone altar of Kikubaaqudgha.
  6457 | D:6      | Found a shimmering blue altar of Sif Muna.
  6627 | D:6      | Found a bloodstained altar of Trog.
  6641 | D:6      | Noticed a +0 dagger
  6642 | D:6      | Noticed a +0 dagger
  6667 | D:6      | Found a hide-covered altar of Uskayaw.
  7762 | D:6      | Noticed a yak
  7809 | D:6      | Killed a yak
  7835 | D:6      | Noticed a yak
  7852 | D:6      | Noticed a yak
  7853 | D:6      | Noticed a yak
  7859 | D:6      | Killed a yak
  7859 | D:6      | Noticed a yak
  7860 | D:6      | Reached XP level 9. HP: 54/62 MP: 8/12
  7873 | D:6      | Reached skill level 5 in Ice Magic
  9148 | D:7      | Found a transporter.
  9148 | D:7      | Found a transporter.
  9167 | D:7      | Noticed a hellwing
  9236 | D:7      | Found a staircase to the Ecumenical Temple.
  9336 | Temple   | Entered the Ecumenical Temple
  9464 | Temple   | Became a worshipper of Cheibriados the Contemplative
  9571 | D:7      | Noticed a wizard
  9966 | D:8      | Noticed a troll
  9983 | D:8      | Slain by a troll

Illustrated notes

Levels and vault maps discovered:
D:1:      dpeg_arrival_round_b, layout_loops_corners,
          hellmonk_ecumenical_altar_pennies_from_heaven, serial_shops, shop,
          shop, shop, nicolae_shop_statue_plus
D:2:      layout_rooms, minmay_heptomino_l4, uniq_crazy_yiuf_cottage,
          uniq_sigmund
D:3:      layout_basic
D:4:      layout_gridville, serial_shops, nicolae_stop_n_shop_2,
          gammafunk_ghost_arena, kennysheep_generic_room_9
D:5:      layout_cave_pools, biasface_ghost_orc_armoury, minmay_misc_feat_alley
D:6:      layout_basic, amcnicky_altar_gilded, dancing_weapons_uskayaw,
          nicolae_overflow_squiral, kennysheep_generic_room_5
D:7:      layout_loops_cross, vehumet_crystals, minmay_temple_entry_sparse_star,
          gammafunk_ghost_abyssal_escape, minmay_manual_maat
D:8:      layout_loops_corners, uniq_erica, uniq_pikel
Temple:   nicolae_temple_slightly_damp_pantheon

Skill      XL: |  1  2  3  4  5  6  7  8  9 |
---------------+----------------------------+-----
Stealth        | 1 2 |  2.0
Poison Magic   | 1 |  1.0
Fighting       | 2 3 4 5 7 |  7.0
Dodging        | 3 4 5 6 7 |  7.0
Unarmed Combat | 4 5 6 7 |  7.0
Ice Magic      | 4 7 |  7.0
Spellcasting   | |  2.0
Transmutations | |  2.0

Action                   |  1- 3 |  4- 6 |  7- 9 || total
-------------------------+-------+-------+-------++-------
Melee: Unarmed           |    76 |    65 |   302 ||   443
       Constrict         |    19 |     7 |    14 ||    40
       Kick              |    18 |     6 |    22 ||    46
       Tentacles         |    11 |     4 |    12 ||    27
       Punch             |     3 |     2 |     4 ||     9
 Cast: Beastly Appendage |    28 |    13 |    26 ||    67
       Spider Form       |     1 |     5 |    18 ||    24
       Wereblood         |       |       |     6 ||     6
       Ice Form          |       |       |    22 ||    22
  Use: Scroll            |       |     2 |     1 ||     3
       Potion            |       |     1 |     4 ||     5
 Stab: Sleeping          |     8 |     4 |     4 ||    16
Armor: Skin              |     3 |     3 |    45 ||    51
Dodge: Dodged            |    37 |    53 |   172 ||   262

Table legend: (Time is in decaauts)
 A = Elapsed time spent in this place.
 B = Non-inter-level travel time spent in this place.
 C = Inter-level travel time spent in this place.
 D = Time resting spent in this place.
 E = Time spent auto-exploring this place.
 F = Levels seen in this place.
 G = Mean time per level.
                   A        B        C        D        E       F      G
               +--------+--------+--------+--------+--------+-----+--------+
         Total |   9970 |   9593 |    377 |    908 |   7215 |   9 | 1107.8 |
       Dungeon |   9824 |   9465 |    359 |    908 |   7108 |   8 | 1228.0 |
        Temple |    146 |    129 |     17 |      0 |    107 |   1 |  146.0 |
               +--------+--------+--------+--------+--------+-----+--------+

Top non-repeatable levels by time:
     D:6: 3002 daAuts
     D:4: 1581 daAuts
     D:1: 1508 daAuts
     D:3: 1254 daAuts
     D:5: 1011 daAuts
     D:2: 986 daAuts
     D:7: 447 daAuts
  Temple: 146 daAuts
     D:8: 32 daAuts
